 Dungeon Crawl Stone Soup version 0.18.1-48-g4cf74bf (webtiles) character file.

133 MistressOfTheDunes the Insei (level 4, -10/35 HPs)
             Began as a Mummy Monk on June 27, 2016.
             Mangled by a gnoll
             ... wielding a +2 halberd of flaming
              (19 damage)
             ... on level 1 of the Dungeon.
             The game lasted 00:04:50 (4006 turns).

MistressOfTheDunes the Insei (Mummy Monk)           Turns: 4006, Time: 00:04:51

Health: -10/35     AC:  0    Str: 14    XL:     4   Next: 94%
Magic:  4/4        EV: 13    Int:  9    God:
Gold:   129        SH:  0    Dex: 15    Spells: 0 memorised, 3 levels left

rFire  x . .     SeeInvis .       - Unarmed
rCold  + + .     Gourm    .     (no armour)
rNeg   + + +     Faith    .     (no shield)
rPois  ∞         Spirit   .     (no helmet)
rElec  .         Dismiss  .     (no cloak)
rCorr  .         Reflect  .     (no gloves)
SustAt .         Harm     .     (no boots)
MR     .....                    (no amulet)
Stlth  ++........               (no ring)
                                g - ring of protection from cold

@: not resistant to hostile enchantments, unstealthy
A: no food or potions, fire vulnerability, cold resistance 1, negative energy
resistance 3, torment resistance, unbreathing
a: no special abilities


You were on level 1 of the Dungeon.
You were not hungry.

You visited 1 branch of the dungeon, and saw 3 of its levels.

You collected 129 gold pieces.


Innate Abilities, Weirdness & Mutations

You do not eat or drink.
Your flesh is vulnerable to fire.
You are immune to poison.
Your flesh is cold resistant.
You are immune to negative energy.
You are immune to unholy pain and torment.
You can survive without breathing.


   Skills:
 + Level 3.5 Fighting
 - Level 2.4 Dodging
 - Level 1.5 Stealth
 - Level 5.0 Unarmed Combat


You had 3 spell levels left.
You didn't know any spells.

Inventory:

Missiles
 h - 5 large rocks {=f}
Armour
 d - a +0 large shield
Jewellery
 g - a ring of protection from cold (left hand)
Scrolls
 a - a scroll of remove curse {unknown}
 b - a scroll of enchant armour {unknown}
 c - 4 scrolls of identify {unknown}
 e - a scroll of noise {unknown}
 f - a scroll of magic mapping {unknown}

Dungeon Overview and Level Annotations

Branches:
Dungeon (3/15)

Altars:

Annotations:
D:1 mistery scroll

▒▒▒▒▒▒▒ ▒...†.▒
▒▒▒▒▒▒▒▒▒▒▒▒.▒▒▒.▒
▒..............▒'▒▒▒▒▒▒▒▒
▒▒.▒▒▒▒▒▒▒▒▒▒▒▒.........▒
▒.▒ ▒....†.........▒ ▒.▒
▒.▒▒▒▒.........▒ ▒▒▒▒▒▒▒
▒.▒▒▒▒▒▒▒.▒
▒▒▒▒▒▒▒▒▒▒▒▒▒......
▒......▒▒.▒
▒>M...(............
▒▒▒▒▒▒.▒▒.▒
▒g▒▒▒▒▒▒▒▒▒▒▒......
▒.▒▒'▒▒
▒........[....)....
▒.▒...▒
▒.▒▒......▒▒▒▒▒▒..▒
▒.▒...▒▒▒.▒▒......▒ ▒▒.▒
▒.▒...'...........▒ ▒..
▒.▒...▒▒▒....▒▒▒▒▒▒ ▒▒.
▒.▒...▒ ▒....▒ ▒. ▒.▒)..▒
▒....▒ ▒▒


You could see a gnoll.


Message History

You closely miss the orc priest!
The orc priest is almost dead!
The orc priest closely misses you!
You closely miss the orc priest! You punch the orc priest!
The orc priest is almost dead!
The orc priest hits you with a short sword! * * * don't die
* * * You pulverise the orc priest but do no damage!
The orc priest is almost dead!
The orc priest closely misses you!
You closely miss the orc priest!
The orc priest is almost dead!
The orc priest barely misses you!
You pummel the orc priest like a punching bag!
You annihilate the orc priest!!!
There is a stone staircase leading up here!
You climb upwards!
There is a stone staircase leading down here!
Things that are here:
a club; a kobold skeleton
There is a stone staircase leading up here!
You climb upwards!
Level annotation: mistery scroll The gnoll shouts!!!
There is a stone staircase leading down here!
You see here 2 stones!
A gnoll is nearby!!!
The gnoll hits you with a halberd of flaming!!!!!!
DANG rip

Action                   |  1- 3 |  4- 6 || total
-------------------------+-------+-------++-------
Melee: Unarmed           |   152 |    75 ||   227
       Punch             |     3 |     1 ||     4
 Stab: Sleeping          |     3 |     1 ||     4
Dodge: Dodged            |   120 |    45 ||   165

Vault maps used:
D:1:      dpeg_arrival_rooms_b, minmay_surrounded
D:3:      st_stairs_13, nrook_loot_triangle, item_on_display_a

Notes
Turn   | Place    | Note
--------------------------------------------------------------
     0 | D:1      | MistressOfTheDunes the Mummy Monk began the quest for the Orb.
     0 | D:1      | Reached XP level 1. HP: 18/18 MP: 1/1
   358 | D:1      | Reached XP level 2. HP: 3/24 MP: 2/2
   896 | D:1      | Reached skill level 4 in Unarmed Combat
  1246 | D:1      | Reached XP level 3. HP: 24/29 MP: 3/3
  2506 | D:2      | Reached XP level 4. HP: 27/35 MP: 4/4
  3740 | D:3      | Reached skill level 5 in Unarmed Combat
  4006 | D:1      | Mangled by a gnoll

Vanquished Creatures
  An orc priest (D:3)
  3 adders (D:2)
  A worm (D:2)
  A dart slug (D:2)
  2 giant geckos (D:1)
  2 orcs
  3 giant cockroaches
  7 goblins
  12 hobgoblins
  2 jackals (D:1)
  3 quokkas (D:2)
  A ball python (D:1)
  5 bats
  4 giant newts
  12 kobolds
  7 rats
66 creatures vanquished.
